 Dungeon Crawl Stone Soup version 0.30-a0-341-g682706514a (webtiles) character file.

Game seed: 10507101348189288281

128 Archison the Sneak (level 4, 0/21 HPs)
             Began as a Spriggan Conjurer on Nov 2, 2022.
             Slain by Natasha (8 damage)
             ... on level 3 of the Dungeon.
             The game lasted 00:06:51 (2455 turns).

Archison the Sneak (Spriggan Conjurer)              Turns: 2455, Time: 00:06:52

Health: 0/21       AC:  3    Str:  3    XL:     4   Next: 87%
Magic:  3/10       EV: 17    Int: 21    God:
Gold:   116        SH:  0    Dex: 13    Spells: 4/10 levels left

rFire   . . .      SeeInvis +    d - +1 dagger
rCold   . . .      Faith    .    (no shield)
rNeg    . . .      Spirit   .    a - +1 robe
rPois   .          Reflect  .    (helmet restricted)
rElec   .          Harm     .    (no cloak)
rCorr   .          Rampage  .    (gloves unavailable)
Will    .....                    (boots unavailable)
Stlth   +++.......               (no amulet)
HPRegen 0.23/turn                (no ring)
MPRegen 0.12/turn                (no ring)

@: slowed, quick
A: very small, no large weapons, unfitting armour, see invisible, speed 3
a: no special abilities


You were on level 3 of the Dungeon.
You visited 1 branch of the dungeon, and saw 4 of its levels.

You collected 116 gold pieces.

Inventory:

Hand Weapons
 d - a +1 dagger (weapon)
Missiles
 m - 23 stones
Armour
 a - a +1 robe (worn)
Jewellery
 r - an amulet of regeneration
Wands
 l - a wand of mindburst (8)
Scrolls
 c - 2 scrolls of identify
 k - a scroll of enchant weapon
 n - a scroll of immolation {unknown}
 q - a scroll of amnesia {unknown}
 s - a scroll of vulnerability {unknown}
Potions
 b - a potion of magic
 e - a potion of curing {unknown}
 f - a potion of degeneration {unknown}
 g - a potion of heal wounds {unknown}
 h - a potion of attraction {unknown}
 i - a potion of might {unknown}
 j - 2 potions of brilliance {unknown}
 o - a potion of berserk rage {unknown}
 p - 2 potions of lignification {unknown}


   Skills:
 * Level 1.5 Short Blades
 + Level 3.6 Dodging
 * Level 4.1 Stealth
 + Level 3.6 Spellcasting
 + Level 3.7 Conjurations


You had 4 spell levels left.
You knew the following spells:

 Your Spells              Type           Power      Damage    Failure   Level
a - Magic Dart            Conj           76%        1d6       2%          1
b - Searing Ray           Conj           38%        2d5       4%          2
c - Sting                 Tmut/Pois      12%        1d3       13%         1
d - Poisonous Vapours     Pois/Air       6%         N/A       19%         2

Your spell library contained the following spells:

 Spells                   Type           Power      Damage    Failure   Level
 Dazzling Flash           Conj/Hex       22%        N/A       17%         3
 Fulminant Prism          Conj/Hex       5%         3d6       50%         4
 Iskenderun's Mystic Bla  Conj/Tloc      11%        2d4       50%         4
 Olgreb's Toxic Radiance  Pois           3%         N/A       77%         4


Dungeon Overview and Level Annotations

Branches:
Dungeon (4/15)
 Temple: D:4-7

Altars:

Annotations:
D:3 Natasha


Innate Abilities, Weirdness & Mutations

You are very small and have problems with some larger weapons.
You are too small for most types of armour.
You have supernaturally acute eyesight. (SInv)
You cover ground extremely quickly. (Speed+++)


Message History

Natasha is severely wounded.
Natasha closely misses you.
You barely miss Natasha.
Natasha is severely wounded.
Natasha casts a spell at you.
You easily resist.
Natasha barely misses you.
You closely miss Natasha.
Natasha is severely wounded.
Natasha closely misses you.
You hit Natasha but do no damage.
Natasha is severely wounded.
Natasha completely misses you.
You hit Natasha but do no damage.
Natasha is severely wounded.
Natasha misses you. Natasha completely misses you.
You barely miss Natasha.
Natasha is severely wounded.
Natasha claws you.
You hit Natasha but do no damage.
Natasha is severely wounded.
Natasha wildly gestures.
Natasha shimmers violently.
Natasha misses you. Natasha claws you!
Casting: Magic Dart (safe; 2% risk of failure)
Confirm with . or Enter, or press ? or * to list all spells.
Aiming: Magic Dart (safe; 2% risk of failure)
Press: ? - help, Shift-Dir - straight line, f/p - Natasha
Aim: Natasha (severely wounded, 100% to hit)
The magic dart hits Natasha.
Natasha is almost dead.
Natasha closely misses you.
Casting: Magic Dart (safe; 2% risk of failure)
Confirm with . or Enter, or press ? or * to list all spells.
Aiming: Magic Dart (safe; 2% risk of failure)
Press: ? - help, Shift-Dir - straight line, f/p - Natasha
Aim: Natasha (almost dead, 100% to hit)
The magic dart hits Natasha.
Natasha is almost dead.
Natasha claws you!
You die...

.. ........S..##
.......
...#.##...##.#####
.....#.##
#.................
....#...
...#.##.#b#.....##
.....h#
#........>h5......
#†...#
#..######.##....##
#....###..#
#.##....##
#....##...#
#.##.#####
#....'.h@.# #.S..#
# #....##...#
####.# #
##.####...# #.#
#........##### #.#
#.#.##........ ..
#..###### ## #<.#
#..# ≈≈...


You could see Natasha.

Vanquished Creatures
  A bullfrog (D:3)
  2 adders (D:2)
  A dart slug (D:4)
  2 orcs (D:3)
  3 ball pythons
  2 endoplasms (D:2)
  2 giant cockroaches
  3 goblins (D:1)
  3 hobgoblins (D:2)
  3 jackals (D:2)
  5 kobolds
  A quokka (D:2)
  8 bats
  4 frilled lizards
  2 rats
42 creatures vanquished.

Notes
Turn   | Place    | Note
-------+----------+-------------------------------------------
     0 | D:1      | Archison the Spriggan Conjurer began the quest for the Orb.
     0 | D:1      | Reached XP level 1. HP: 9/9 MP: 5/5
   391 | D:1      | Reached XP level 2. HP: 13/13 MP: 3/6
   956 | D:1      | Learned a level 2 spell: Searing Ray
   958 | D:1      | Learned a level 1 spell: Sting
   961 | D:1      | Learned a level 2 spell: Poisonous Vapours
  1088 | D:2      | Found a faded altar of an unknown god.
  1338 | D:3      | Noticed Natasha
  1527 | D:2      | Reached XP level 3. HP: 16/16 MP: 5/8
  2140 | D:4      | Noticed a bullfrog
  2197 | D:3      | Killed a bullfrog
  2198 | D:3      | Reached skill level 1 in Short Blades
  2198 | D:3      | Reached skill level 4 in Stealth
  2198 | D:3      | Reached XP level 4. HP: 14/21 MP: 0/10
  2455 | D:3      | Slain by Natasha

Illustrated notes

Levels and vault maps discovered:
D:1:      ncdulo_lavacross, layout_basic
D:2:      cheibrodos_helix_gallery, layout_rooms,
          shapermc_ecumenical_altar_notcrosses, chequers_serial_rivers_micro_e
D:3:      layout_basic, nicolae_uskayaw_suspiria, portal_sewer_entry_b,
          uniq_natasha
D:4:      layout_loops_ring

Skill      XL: |  1  2  3 |
---------------+----------+-----
Conjurations   | 3 |  3.7
Dodging        | 3 |  3.6
Spellcasting   | 3 |  3.6
Short Blades   | 1 |  1.5
Stealth        | 4 |  4.1

Action                   |  1- 3 |  4- 6 || total
-------------------------+-------+-------++-------
Melee: Unarmed           |    22 |       ||    22
       Dagger            |    28 |     8 ||    36
       Punch             |     1 |       ||     1
 Cast: Magic Dart        |    83 |    23 ||   106
  Use: Scroll            |     6 |       ||     6
 Stab: Sleeping          |     1 |       ||     1
Armor: Robe              |    26 |       ||    26
Dodge: Dodged            |   121 |    14 ||   135

Table legend: (Time is in decaauts)
 A = Elapsed time spent in this place.
 B = Non-inter-level travel time spent in this place.
 C = Inter-level travel time spent in this place.
 D = Time resting spent in this place.
 E = Time spent auto-exploring this place.
 F = Levels seen in this place.
 G = Mean time per level.
                   A        B        C        D        E       F      G
               +--------+--------+--------+--------+--------+-----+--------+
         Total |   1930 |   1904 |     26 |    370 |   1063 |   4 |  482.5 |
       Dungeon |   1930 |   1904 |     26 |    370 |   1063 |   4 |  482.5 |
               +--------+--------+--------+--------+--------+-----+--------+

Top non-repeatable levels by time:
     D:2: 818 daAuts
     D:1: 791 daAuts
     D:3: 237 daAuts
     D:4: 84 daAuts
